 Dungeon Crawl Stone Soup version 0.20.0-6-gd3061e9 (webtiles) character file.

561632 Monsterracer the Slayer (level 27, -20/235 HPs)
             Began as a Formicid Fighter on May 28, 2017.
             Was the Champion of Okawaru.
             Killed from afar by a green draconian annihilator (45 damage)
             ... with a bolt of lightning
             ... on level 3 of the Realm of Zot.
             The game lasted 02:13:43 (56490 turns).

Monsterracer the Slayer (Formicid Fighter)         Turns: 56490, Time: 02:13:44

Health: -20/235    AC: 51    Str: 27    XL:     27
Magic:  24/27      EV: 24    Int: 15    God:    Okawaru [******]
Gold:   3735       SH: 20    Dex: 24    Spells: 22/26 levels left

rFire    + . .     SeeInvis +   b - +4 executioner's axe of the Head {flame, +Inv Str+4 Dex+5 SInv}
rCold    + + +     Gourm    +   B - +2 shield of Resistance {rF+ rC+ MR+}
rNeg     . . .     Faith    .   N - +7 crystal plate armour
rPois    +         Spirit   .   (helmet unavailable)
rElec    .         Reflect  .   F - +2 cloak {rC+}
rCorr    .         Harm     .   y - +0 pair of gloves "Ylootets" {rPois Int+4}
MR       ++++.                  I - +2 pair of boots {run}
Stlth    ..........             R - amulet "Heqet" {Gourm rC+ Str-3 Dex+3}
Regen    0.0/turn               o - ring of Arrival {+Fly MR+ Str+2 Int+2 Dex-3}
MPRegen  0.2/turn               H - ring "Upsiystre" {rC+ SInv Stlth+}

@: heroism, finesse, quick
A: permanent stasis, dig shafts and tunnels, four strong arms, antennae 3, thin
metallic scales 1, blurry vision 1, low mp 1, screaming 1, shaggy fur 1,
inhibited regeneration, subdued magic 1
0: Orb of Zot
}: 3/15 runes: decaying, silver, gossamer
a: Dig, Shaft Self, Heroism, Finesse, Renounce Religion, Evoke Invisibility,
Evoke Flight


You were on level 3 of the Realm of Zot.
You worshipped Okawaru.
Okawaru was exalted by your worship.
You were very full.

You visited 10 branches of the dungeon, and saw 48 of its levels.
You visited 1 bazaar.
You also visited: Labyrinth, Ice Cave and Wizlab.

You collected 4640 gold pieces.
You spent 905 gold pieces at shops.

Inventory:

Hand Weapons
 b - the +4 executioner's axe of the Head (weapon) {flame, +Inv Str+4 Dex+5 SInv}
   (You found it on level 6 of the Lair of Beasts)

   It has been specially enchanted to burn those struck by it, causing extra
   injury to most foes and up to half again as much damage against particularly
   susceptible opponents.
   Big, fiery blades are also staple armaments of hydra-hunters.
   It affects your strength (+4).
   It affects your dexterity (+5).
   It lets you see invisible.
   It lets you turn invisible.
 r - the +11 war axe "Ufrov" {elec, rElec rF+++ Dex+3}
   (You found it on level 3 of the Lair of Beasts)

   Occasionally, upon striking a foe, it will discharge some electrical energy
   and cause terrible harm.
   It affects your dexterity (+3).
   It renders you almost immune to fire.
   It insulates you from electricity.
Armour
 y - the +0 pair of gloves "Ylootets" (worn) {rPois Int+4}
   (Okawaru gifted it to you on level 5 of the Vaults)

   It affects your intelligence (+4).
   It protects you from poison.
 B - the +2 shield of Resistance (worn) {rF+ rC+ MR+}
   (You found it in a labyrinth)

   It protects you from fire.
   It protects you from cold.
   It affects your resistance to hostile enchantments.
 F - a +2 cloak of cold resistance (worn)
 I - a +2 pair of boots of running (worn)
 M - a +2 pair of gloves of dexterity
 N - a +7 crystal plate armour (worn)
Jewellery
 g - a +2 ring of evasion
 o - the ring of Arrival (left hand) {+Fly MR+ Str+2 Int+2 Dex-3}
   (You found it on level 15 of the Dungeon)

   [ring of flight]

   It affects your strength (+2).
   It affects your intelligence (+2).
   It affects your dexterity (-3).
   It affects your resistance to hostile enchantments.
   It lets you fly.
 x - the amulet of Pekostrunn {+Inv MR+ Regen+ Int+9 Dex-2}
   (You found it on level 15 of the Dungeon)

   [amulet of regeneration]

   It affects your intelligence (+9).
   It affects your dexterity (-2).
   It affects your resistance to hostile enchantments.
   It lets you turn invisible.
   It increases your rate of regeneration.
 z - a cursed ring of loudness {unknown}
 H - the ring "Upsiystre" (right hand) {rC+ SInv Stlth+}
   (You found it on level 5 of the Vaults)

   [ring of see invisible]

   It protects you from cold.
   It lets you see invisible.
   It makes you more stealthy.
 R - the amulet "Heqet" (around neck) {Gourm rC+ Str-3 Dex+3}
   (You found it on level 5 of the Vaults)

   [amulet of the gourmand]

   It allows you to eat raw meat even when not hungry.
   It affects your strength (-3).
   It affects your dexterity (+3).
   It protects you from cold.
Wands
 K - a wand of digging (20/24)
Scrolls
 d - 3 scrolls of enchant weapon
 h - 18 scrolls of remove curse
 m - 4 scrolls of fear
 p - 15 scrolls of identify
 s - 3 scrolls of recharging
 w - 2 scrolls of brand weapon
 J - 3 scrolls of fog
 L - 2 scrolls of summoning
Potions
 l - 7 potions of mutation
 n - 16 potions of curing
 t - 2 potions of agility
 v - 4 potions of magic
 A - a potion of resistance
 C - 7 potions of flight
 D - 2 potions of cancellation
 E - 2 potions of invisibility
Books
 G - a book of Frost

   Spells                             Type                      Level
   a - Freeze                         Ice                          1
   b - Throw Frost                    Conjuration/Ice              2
   c - Ozocubu's Armour               Charms/Ice                   3
   d - Throw Icicle                   Conjuration/Ice              4
   e - Summon Ice Beast               Ice/Summoning                4
Comestibles
 f - 29 bread rations
 i - 32 royal jellies
 j - 27 fruits
 k - 20 meat rations


   Skills:
 + Level 23.2(27) Fighting
 + Level 22.9(27) Axes
 + Level 21.4(26.4) Armour
 + Level 18.5(23.5) Dodging
 + Level 16.1(21.1) Shields
 - Level 10.0 Invocations


You had 22 spell levels left.
You knew the following spells:

 Your Spells              Type           Power        Failure   Level  Hunger
a - Shroud of Golubria    Chrm/Tloc      #.........   94%         2    ###....
c - Swiftness             Chrm/Air       #.......     94%         2    ###....


Dungeon Overview and Level Annotations

Branches:
Dungeon (15/15)            Temple (1/1) D:4            Lair (6/6) D:10
  Swamp (4/4) Lair:3       Spider (4/4) Lair:3        Slime (0/5) Lair:5
    Orc (2/2) D:9             Elf (1/3) Orc:2        Vaults (5/5) D:14
  Crypt (0/3) Vaults:3     Depths (5/5) D:15            Zot (5/5) Depths:5

Altars:
Ashenzari
Cheibriados
Dithmenos
Elyvilon
Fedhas
Gozag
Hepliaklqana
Kikubaaqudgha
Makhleb
Nemelex Xobeh
Okawaru
Qazlal
Ru
Sif Muna
Trog
Uskayaw
Vehumet
Xom
Yredelemnul
Zin
The Shining One
Beogh

Shops:
D:7 }   D:9 *   Orc:1 %   Orc:2 :*:?   Depths:1 *((?

Portals:
Hell: Depths:1 Depths:2 Depths:3
Abyss: Depths:2 Depths:3
Pandemonium: Depths:1 Depths:3 Depths:4
Ziggurat: Depths:5
Trove: D:10 (give 3 potions of resistance)


Innate Abilities, Weirdness & Mutations

You cannot be hasted, slowed, berserked, paralysed or teleported.
You can dig through walls and to a lower floor.
Your four strong arms can wield two-handed weapons with a shield.
You have a pair of large antennae on your head. (SInv)
You are partially covered in thin metallic scales. (AC +2)
Scrolls take you a little longer to read.
Your magical capacity is low. (-10% MP)
You occasionally shout uncontrollably at your foes.
You are covered in fur. (AC +1)
You do not regenerate when monsters are visible.
Your spells are a little easier to cast, but a little less powerful.


Message History

You block the green draconian knight's attack.
You completely miss the green draconian knight.
The green draconian knight is lightly wounded.
You slice the white draconian like a ripe choko!!!
You burn the white draconian!
You kill the white draconian!
Okawaru accepts your kill.
You hit the green draconian annihilator but do no damage.
You slash the red draconian! You burn the red draconian.
You are engulfed in blazing flames.
You resist.
A moth of wrath and an ice devil come into view.
The green draconian annihilator points at you and mumbles some strange words.
The crystal spear hits you!
* * * LOW HITPOINT WARNING * * *
You block the green draconian's attack. The green draconian barely misses you.
You feel better.
The green draconian annihilator gestures at you while chanting.
The bolt of lightning hits you!
You die...

###################
*#...>..).)d)ddq...#*
*#.......)D..@qq.d.4y#*
*#........###########..**
*#.........# **,,**
**..........# **,,**
*,.#........# **,,**
,,*##..^....#* **,,** ,**
#........***********
**,,** **
**,,,,,,,,,,,,,,,,,**
**,,** *
**,,,,,,,,,,,,,,,,,,,**
**,,,*


You could see 2 draconians, a storm dragon, a yellow draconian, a green
draconian, a purple draconian, a red draconian, a green draconian annihilator, a
moth of wrath and an ice devil.

Vanquished Creatures
  7 ancient liches
  2 orbs of fire (Zot:5)
  2 Killer Klowns (Zot:5)
  A curse toe (Zot:5)
  Nikola (Swamp:4)
  3 caustic shrikes
  7 golden dragons
  A bone dragon (Swamp:4)
  2 electric golems (Zot:5)
  Jorgrun (Spider:4)
  5 tentacled monstrosities
  22 Orb Guardians (Zot:5)
  2 titans (Vaults:5)
  5 quicksilver dragons
  5 death cobs (Zot:1)
  2 sphinxes
  Frances (D:13)
  Agnes (Spider:2)
  8 tengu reavers
  3 thorn hunters
  8 shadow dragons
  A daeva (Zot:5)
  6 storm dragons
  A revenant (Vaults:3)
  2 draconian monks (Zot:1)
  2 deep elf sorcerers
  4 ghost moths
  9 frost giants
  21 vault wardens
  Louise (D:14)
  An iron dragon (Vaults:5)
  8 fire giants
  2 draconian scorchers
  5 draconian knights
  6 emperor scorpions
  An orc warlord (Orc:2)
  8 draconian shifters
  4 draconian stormcallers
  4 draconian annihilators (Zot:1)
  14 ironheart preservers
  3 deep elf elementalists
  A ghoul (Vaults:4)
  Aizul (Swamp:1)
  14 very ugly things
  4 small abominations
  A war gargoyle (Vaults:3)
  A vampire knight (Depths:2)
  An entropy weaver (shapeshifter) (Depths:2)
  6 entropy weavers
  19 stone giants
  7 green draconians
  6 purple draconians
  8 black draconians
  8 spark wasps
  9 white draconians
  8 red draconians
  4 yellow draconians
  14 ettins
  Snorg (D:10)
  2 deep elf death magi
  12 ogre magi
  Josephine (D:14)
  8 fire dragons
  Erolcha (D:10)
  4 deep elf high priests
  4 jiangshi
  31 vault guards
  24 yaktaur captains
  A minotaur (Lab)
  A crystal guardian (Vaults:1)
  4 great orbs of eyes
  20 hydras
  Fannar (Lair:2)
  9 rakshasas
  7 ice dragons
  4 spriggan air magi
  3 catoblepae (Lair:6)
  2 ghost crabs
  26 two-headed ogres
  4 dancing weapons
  13 centaur warriors
  A death knight (Vaults:4)
  12 alligators
  A queen ant (shapeshifter) (Vaults:5)
  5 deep troll shamans
  6 death yaks (Lair:6)
  3 orc high priests (Orc:2)
  2 tengu warriors (Depths:2)
  5 deep troll earth magi
  2 vampire magi
  2 hell knights
  2 deep elf knights
  3 spriggan berserkers
  Nergalle (Lair:1)
  Sonja (D:13)
  An iron troll (Depths:1)
  A storm dragon zombie (Vaults:5)
  A golden dragon zombie (Depths:2)
  A sea snake (shapeshifter) (Vaults:5)
  5 shadow wraiths
  6 skeletal warriors
  2 spriggan druids
  2 unseen horrors (Vaults:1)
  An unseen horror (shapeshifter) (Depths:2)
  3 spectral hydras (Swamp:4)
  A tengu zombie (Depths:2)
  3 glowing orange brains
  24 deep trolls
  5 wizards
  A death drake (Swamp:4)
  3 swamp dragons
  2 shambling mangroves
  16 orc knights
  A flayed ghost (Vaults:1)
  12 ironbrand convokers
  9 necromancers
  A deep elf archer (Vaults:2)
  11 harpies
  A lindwurm (shapeshifter) (Vaults:5)
  2 harpies (shapeshifter)
  32 wolf spiders
  22 orb spiders
  6 phantasmal warriors
  7 orc sorcerers
  An orb spider (shapeshifter) (Depths:2)
  11 cyclopes
  67 ugly things
  A cyclops (shapeshifter) (Depths:3)
  3 manticores
  A sphinx skeleton (Depths:2)
  14 deep elf magi
  12 moths of wrath
  13 elephants
  A fire giant skeleton (Depths:2)
  Maurice (D:11)
  Joseph (D:10)
  A black mamba (shapeshifter) (D:14)
  A stone giant skeleton (Vaults:2)
  3 torpor snails
  A gargoyle (D:15)
  An ice statue (IceCv)
  13 vault sentinels
  5 centaur skeletons
  13 spiny frogs
  5 rime drakes
  A spiny frog (shapeshifter) (Vaults:5)
  A human zombie (Vaults:2)
  10 freezing wraiths
  A kobold demonologist (D:12)
  14 demonic crawlers
  3 swamp worm zombies (Swamp:4)
  3 komodo dragons
  3 redback zombies
  An entropy weaver simulacrum (Vaults:2)
  A hellwing (Zot:4)
  A yaktaur skeleton (Vaults:2)
  56 yaktaurs
  2 spriggan skeletons (Depths:2)
  6 hydra zombies
  A meliai (shapeshifter) (D:8)
  6 meliai (D:15)
  12 trolls
  26 jumping spiders
  A tengu simulacrum (Depths:2)
  21 hornets
  A queen bee (Lair:2)
  17 polar bears
  6 tyrant leeches
  A queen bee (shapeshifter) (Elf:1)
  2 hornets (shapeshifter)
  A merfolk (shapeshifter) (D:15)
  3 wind drakes (shapeshifter)
  A spriggan zombie (Depths:2)
  7 blink frogs
  8 bog bodies
  A frost giant simulacrum (Vaults:5)
  36 slime creatures
  A spectral swamp dragon (Swamp:4)
  3 alligator zombies (Swamp:4)
  A blink frog (shapeshifter) (D:14)
  A hippogriff (shapeshifter) (Depths:3)
  13 dream sheep
  3 hippogriffs
  4 air elementals
  Sigmund (D:3)
  2 spriggans (shapeshifter) (Depths:2)
  105 redbacks
  4 spriggans
  2 water elementals
  36 tarantellas
  A centaur simulacrum (D:14)
  6 wraiths
  A vampire (D:12)
  3 wyverns
  4 shadows
  A human (shapeshifter) (Vaults:2)
  2 humans (D:8)
  A yak (shapeshifter) (Vaults:1)
  A hungry ghost (D:11)
  4 basilisks
  2 hogs (shapeshifter)
  51 yaks
  10 vampire mosquitoes
  A yaktaur simulacrum (Vaults:5)
  5 wargs
  27 swamp worms
  A naga (Depths:1)
  27 insubstantial wisps
  A water moccasin (shapeshifter) (Depths:3)
  3 acid dragons
  A soldier ant (D:13)
  10 water moccasins
  5 porcupines
  52 orc warriors
  9 swamp drakes
  A black bear (shapeshifter) (D:15)
  2 hornet zombies
  3 swamp dragon zombies
  4 black bears
  6 ice beasts
  4 sky beasts
  2 eyes of draining (D:11)
  A necrophage (D:13)
  5 phantoms
  38 ogres
  12 wolves
  16 boggarts
  18 centaurs
  7 crocodiles
  A big kobold (D:5)
  9 bullfrogs
  A wyvern zombie (D:4)
  An earth elemental (Elf:1)
  2 wyvern skeletons
  2 human simulacra
  5 scorpions
  34 killer bees
  8 wights
  5 electric eels
  4 howler monkeys
  A lava snake (Lair:5)
  2 centaur zombies
  9 crimson imps
  A bullfrog zombie (D:13)
  8 hounds
  6 jellies
  25 orc wizards
  4 iguanas
  18 orc priests
  Terence (D:2)
  Natasha (twice) (D:2)
  3 spectral swamp drakes (Swamp:4)
  9 worker ants
  A crocodile zombie (Swamp:1)
  A hound skeleton (D:8)
  2 worker ant zombies (D:10)
  4 gnolls (D:6)
  A howler monkey skeleton (D:8)
  A swamp drake zombie (Swamp:4)
  18 adders
  3 shadow imps
  An adder skeleton (D:5)
  12 worms
  2 dart slugs
  3 leopard geckos
  86 orcs
  9 giant cockroaches
  6 goblins
  9 hobgoblins
  8 jackals
  13 kobolds
  2 quokkas
  2 ball pythons
  4 bats
  7 frilled lizards
  A leopard gecko zombie (D:7)
  6 rats
  7 briar patches (Swamp:4)
  5 fungi
  3 plants
2040 creatures vanquished.

Vanquished Creatures (others)
  A draconian knight (Zot:1)
  A necromancer (Vaults:2)
  A moth of wrath (Zot:5)
  2 jumping spiders (Spider:4)
  A yak (Lair:6)
  A swamp worm (Spider:2)
  A tengu (shapeshifter) (Depths:3)
  An ogre (Vaults:5)
  A fungus (Lair:2)
  9 plants
19 creatures vanquished.

Grand Total: 2059 creatures vanquished

Notes
Turn   | Place    | Note
-------+----------+-------------------------------------------
     0 | D:1      | Monsterracer the Formicid Fighter began the quest for the Orb.
     0 | D:1      | Reached XP level 1. HP: 18/18 MP: 1/1
    63 | D:1      | Reached XP level 2. HP: 24/24 MP: 2/2
   200 | D:1      | Reached XP level 3. HP: 29/29 MP: 3/3
   873 | D:2      | Reached XP level 4. HP: 31/35 MP: 4/4
  1091 | D:2      | Found a white marble altar of Elyvilon.
  1244 | D:2      | Noticed Natasha
  1260 | D:2      | Killed Natasha
  1721 | D:2      | Noticed Terence
  1738 | D:2      | Killed Terence
  1738 | D:2      | Reached skill level 5 in Axes
  1738 | D:2      | Reached XP level 5. HP: 18/41 MP: 5/5
  1745 | D:2      | Gained mutation: You are clumsy. (Dex -2) [potion of mutation]
  1745 | D:2      | Gained mutation: Your flesh is heat resistant. (rF+) [potion of mutation]
  2020 | D:3      | Noticed an ogre
  2024 | D:3      | Killed an ogre
  2024 | D:3      | Reached XP level 6. HP: 26/47 MP: 6/6
  2038 | D:3      | Noticed Sigmund
  2046 | D:3      | Killed Sigmund
  2046 | D:3      | Reached XP level 7. HP: 29/52 MP: 7/7
  2465 | D:3      | Found a shimmering altar of Xom.
  3176 | D:4      | Found a staircase to the Ecumenical Temple.
  3215 | D:2      | Noticed Natasha
  3222 | D:2      | Killed Natasha
  3371 | D:3      | Reached XP level 8. HP: 46/58 MP: 8/8
  3722 | Temple   | Entered the Ecumenical Temple
  3990 | D:3      | Found a radiant altar of Vehumet.
  4119 | D:4      | Reached skill level 1 in Dodging
  4414 | D:3      | Found a radiant altar of Vehumet.
  4414 | D:3      | Found a snail-covered altar of Cheibriados.
  4504 | D:5      | Entered Level 5 of the Dungeon
  4522 | D:5      | Reached skill level 4 in Fighting
  4688 | D:5      | Reached XP level 9. HP: 65/65 MP: 9/9
  4893 | D:5      | Reached skill level 5 in Shields
  5459 | D:6      | Reached skill level 5 in Armour
  5462 | D:6      | Found a hazy altar of Hepliaklqana.
  5521 | D:6      | Found a sacrificial altar of Ru.
  5585 | D:6      | Reached skill level 5 in Fighting
  5585 | D:6      | Reached skill level 10 in Axes
  5936 | D:6      | You fall through a shaft!
  6044 | D:7      | Found Edusmiatz's Gadget Boutique.
  6259 | D:7      | Learned a level 2 spell: Shroud of Golubria
  6264 | D:7      | Learned a level 4 spell: Passage of Golubria
  6601 | D:8      | Learned a level 2 spell: Swiftness
  6619 | D:8      | Found an ancient bone altar of Kikubaaqudgha.
  6664 | D:8      | Noticed a meliai
  6682 | D:8      | Killed a meliai
  7007 | D:8      | Found an iron altar of Okawaru.
  7035 | D:8      | Reached XP level 10. HP: 55/74 MP: 10/10
  7054 | D:8      | Became a worshipper of Warmaster Okawaru
  7165 | D:8      | Reached skill level 1 in Invocations
  7375 | D:8      | Found a shattered altar of Ashenzari.
  7750 | D:8      | Reached * piety under Okawaru
  8318 | D:9      | Found a burning altar of Makhleb.
  8371 | D:9      | Found a glowing golden altar of the Shining One.
  8591 | D:9      | Found a shattered altar of Ashenzari.
  8742 | D:8      | Reached skill level 6 in Fighting
  9155 | D:9      | Found a staircase to the Orcish Mines.
  9432 | D:9      | Got a pair of transparent gloves
  9443 | D:9      | Identified the cursed +0 pair of gloves "Cifovor" {*Contam Str+6} (You found it on level 9 of the Dungeon)
  9617 | D:9      | Reached ** piety under Okawaru
  9651 | D:9      | Found a blossoming altar of Fedhas.
  9744 | D:9      | Found an opulent altar of Gozag.
  9747 | D:9      | Found Gozag's Platinum Reserve.
  9970 | D:10     | Entered Level 10 of the Dungeon
  9970 | D:10     | Found a bloodstained altar of Trog.
  9981 | D:9      | Reached XP level 11. HP: 81/81 MP: 11/13
 10183 | D:10     | Noticed a two-headed ogre
 10184 | D:10     | Noticed Joseph
 10193 | D:10     | Killed a two-headed ogre
 10193 | D:10     | Reached skill level 5 in Dodging
 10207 | D:10     | Killed Joseph
 10302 | D:10     | Noticed Snorg
 10322 | D:10     | Killed Snorg
 10322 | D:10     | Reached *** piety under Okawaru
 10433 | D:10     | Found a portal to a secret trove of treasure.
 10653 | D:10     | Noticed Erolcha
 10671 | D:10     | Killed Erolcha
 10671 | D:10     | Reached skill level 7 in Fighting
 10967 | D:10     | Reached **** piety under Okawaru
 10978 | D:10     | Found a staircase to the Lair.
 11065 | Lair:1   | Entered Level 1 of the Lair of Beasts
 11167 | Lair:1   | Reached skill level 5 in Invocations
 11358 | Lair:1   | Found a labyrinth entrance.
 11368 | Lab      | Entered a labyrinth
 11577 | Lab      | Noticed a minotaur
 11591 | Lab      | Killed a minotaur
 11591 | Lab      | Received a gift from Okawaru
 12063 | Lair:1   | Reached XP level 12. HP: 91/91 MP: 16/16
 12087 | Lair:1   | Noticed Nergalle
 12111 | Lair:1   | Killed Nergalle
 12215 | Lair:1   | Reached ***** piety under Okawaru
 12853 | Lair:2   | Found a frozen archway.
 12958 | IceCv    | Entered an ice cave
 13001 | IceCv    | Reached skill level 8 in Fighting
 13345 | IceCv    | Received a gift from Okawaru
 13383 | IceCv    | Gained mutation: You occasionally shout uncontrollably at your foes. [mutagenic glow]
 13386 | IceCv    | Lost mutation: You are clumsy. (Dex -2) [potion of mutation]
 13386 | IceCv    | Lost mutation: Your flesh is heat resistant. (rF+) [potion of mutation]
 13386 | IceCv    | Gained mutation: Your flesh is cold resistant. (rC+) [potion of mutation]
 13386 | IceCv    | Gained mutation: Armour fits poorly on your strangely shaped body. [potion of mutation]
 13386 | IceCv    | Gained mutation: You evolve. [potion of mutation]
 13387 | IceCv    | Lost mutation: Armour fits poorly on your strangely shaped body. [potion of mutation]
 13387 | IceCv    | Lost mutation: You evolve. [potion of mutation]
 13387 | IceCv    | Lost mutation: Your flesh is cold resistant. (rC+) [potion of mutation]
 13387 | IceCv    | Gained mutation: You are frail. (-10% HP) [potion of mutation]
 13387 | IceCv    | Gained mutation: You have sharp toenails. [potion of mutation]
 13387 | IceCv    | Gained mutation: You are partially covered in iridescent scales. (AC +2) [potion of mutation]
 13388 | IceCv    | Lost mutation: You are frail. (-10% HP) [potion of mutation]
 13388 | IceCv    | Lost mutation: You occasionally shout uncontrollably at your foes. [potion of mutation]
 13388 | IceCv    | Lost mutation: You have sharp toenails. [potion of mutation]
 13388 | IceCv    | Lost mutation: You are partially covered in iridescent scales. (AC +2) [potion of mutation]
 13388 | IceCv    | Gained mutation: You are covered in fur. (AC +1) [potion of mutation]
 13388 | IceCv    | Gained mutation: You are partially covered in thin metallic scales. (AC +2) [potion of mutation]
 13939 | IceCv    | Reached XP level 13. HP: 91/99 MP: 18/18
 13979 | IceCv    | Noticed a frost giant
 14032 | IceCv    | Killed a frost giant
 14566 | Lair:2   | Noticed Fannar
 14593 | Lair:2   | Killed Fannar
 14639 | Lair:2   | Noticed a six-headed hydra
 14653 | Lair:2   | Killed a six-headed hydra
 14760 | Lair:2   | Received a gift from Okawaru
 14760 | Lair:2   | Reached skill level 9 in Fighting
 15760 | Lair:3   | Noticed a six-headed hydra
 15772 | Lair:3   | Killed a six-headed hydra
 15772 | Lair:3   | Reached skill level 10 in Shields
 15970 | Lair:3   | Got a warped war axe
 15971 | Lair:3   | Identified the +11 war axe "Ufrov" {elec, rElec rF+++ Dex+3} (You found it on level 3 of the Lair of Beasts)
 16129 | Lair:3   | Found a staircase to the Swamp.
 16339 | Lair:3   | Noticed a seven-headed hydra
 16350 | Lair:3   | Killed a seven-headed hydra
 16466 | Lair:3   | Found a hazy altar of Hepliaklqana.
 16490 | Lair:3   | Found a hole to the Spider Nest.
 16491 | Lair:3   | You fall through a shaft!
 17143 | Lair:4   | Noticed an eight-headed hydra
 17156 | Lair:4   | Killed an eight-headed hydra
 18078 | Lair:5   | Received a gift from Okawaru
 18094 | Lair:5   | Reached XP level 14. HP: 101/109 MP: 20/20
 18112 | Lair:5   | Identified a +1 pair of boots of running (Okawaru gifted it to you on level 5 of the Lair of Beasts)
 18156 | Lair:5   | Reached skill level 10 in Armour
 18362 | Lair:5   | Found a staircase to the Slime Pits.
 18570 | Lair:6   | Entered Level 6 of the Lair of Beasts
 18675 | Lair:6   | Reached skill level 10 in Fighting
 19156 | Lair:6   | Reached ****** piety under Okawaru
 19413 | Lair:6   | Received a gift from Okawaru
 19908 | Lair:6   | Got a pitted executioner's axe
 19909 | Lair:6   | Identified the +4 executioner's axe of the Head {flame, +Inv Str+4 Dex+5 SInv} (You found it on level 6 of the Lair of Beasts)
 20183 | Lair:6   | Reached skill level 10 in Invocations
 20189 | Lair:6   | Reached skill level 15 in Axes
 20749 | Orc:1    | Entered Level 1 of the Orcish Mines
 20876 | Orc:1    | Received a gift from Okawaru
 21026 | Orc:2    | Entered Level 2 of the Orcish Mines
 21026 | Orc:2    | Found a staircase to the Elven Halls.
 21037 | Orc:2    | Reached XP level 15. HP: 104/117 MP: 22/22
 21266 | Orc:2    | Noticed an orc warlord
 21312 | Orc:2    | Killed an orc warlord
 22179 | Orc:1    | Found Kallig's Food Shop.
 22633 | Orc:2    | Reached skill level 11 in Fighting
 23055 | Orc:2    | Received a gift from Okawaru
 23234 | Orc:2    | Found Duhif's Book Shop.
 23234 | Orc:2    | Found Padyruav's Magic Scroll Shoppe.
 23366 | Orc:2    | Found Ytta's Book Shop.
 23366 | Orc:2    | Found Souxosk's Assorted Antiques.
 23377 | Orc:2    | Bought a scroll of enchant armour for 97 gold pieces
 23381 | Orc:2    | Bought a scorched battleaxe for 345 gold pieces
 23381 | Orc:2    | Identified the +5 battleaxe of Sukour {holy, rC+ Str+3 Stlth+} (You bought it in a shop on level 2 of the Orcish Mines)
 24025 | D:11     | Found a hazy altar of Hepliaklqana.
 24216 | D:11     | Noticed Maurice
 24226 | D:11     | Killed Maurice
 25177 | D:13     | Found a stormy altar of Qazlal.
 25188 | D:13     | Noticed Sonja
 25191 | D:13     | Received a gift from Okawaru
 25200 | D:13     | Killed Sonja
 25362 | D:13     | Reached XP level 16. HP: 104/127 MP: 23/23
 25368 | D:13     | Found a roughly hewn altar of Beogh.
 25566 | D:13     | Noticed Frances
 25577 | D:13     | Killed Frances
 25697 | D:13     | Reached skill level 10 in Dodging
 26138 | D:14     | Received a gift from Okawaru
 26142 | D:14     | Reached skill level 12 in Fighting
 26353 | D:14     | Found a gate to the Vaults.
 26390 | D:14     | Noticed Louise
 26402 | D:14     | Killed Louise
 26729 | D:14     | Noticed Josephine
 26742 | D:14     | Killed Josephine
 27063 | D:15     | Entered Level 15 of the Dungeon
 27097 | D:15     | Got a twitching crystal amulet
 27099 | D:15     | Found a runed door.
 27100 | D:15     | Identified the amulet of Pekostrunn {+Inv MR+ Regen+ Int+9 Dex-2} (You found it on level 15 of the Dungeon)
 27112 | D:15     | Noticed a frost giant
 27121 | D:15     | Killed a frost giant
 27143 | D:15     | Received a gift from Okawaru
 27158 | D:15     | Got a brightly glowing turquoise ring
 27159 | D:15     | Identified the ring of Arrival {+Fly MR+ Str+2 Int+2 Dex-3} (You found it on level 15 of the Dungeon)
 27560 | D:15     | Reached XP level 17. HP: 134/135 MP: 24/24
 27573 | D:15     | Found a staircase to the Depths.
 28302 | Elf:1    | Entered Level 1 of the Elven Halls
 28439 | Elf:1    | Found a flickering gateway to a bazaar.
 28445 | Bazaar   | Entered a bazaar
 28448 | Bazaar   | Found Kerhyut's Food Shop.
 28483 | Bazaar   | Found Silakido's Magic Scroll Boutique.
 28483 | Bazaar   | Found Leorid's Distillery.
 28488 | Bazaar   | Bought a potion of heal wounds for 55 gold pieces
 28494 | Bazaar   | Bought a scroll of enchant armour for 67 gold pieces
 28509 | Bazaar   | Found Coudonn's Armour Boutique.
 28514 | Bazaar   | Bought the cursed scarf of Hyfos {+Blink rPois rN+} for 341 gold pieces
 28729 | Swamp:1  | Entered Level 1 of the Swamp
 28776 | Swamp:1  | Reached skill level 13 in Fighting
 29024 | Swamp:1  | Found an ancient bone altar of Kikubaaqudgha.
 29321 | Swamp:1  | Noticed Aizul
 29354 | Swamp:1  | Killed Aizul
 29814 | Swamp:2  | Received a gift from Okawaru
 29966 | Swamp:2  | Identified a scroll of acquirement
 30536 | Swamp:3  | Noticed a thorn hunter
 30554 | Swamp:3  | Killed a thorn hunter
 30705 | Swamp:3  | Received a gift from Okawaru
 30903 | Swamp:3  | Noticed a thorn hunter
 30914 | Swamp:3  | Killed a thorn hunter
 31158 | Swamp:3  | Got a transparent chain mail
 31182 | Swamp:3  | Identified the +4 chain mail of Too Many Cooks {MR- Regen+ MP+9 Str+6} (You found it on level 3 of the Swamp)
 31516 | Swamp:4  | Entered Level 4 of the Swamp
 31709 | Swamp:4  | Received a gift from Okawaru
 31709 | Swamp:4  | Reached XP level 18. HP: 45/145 MP: 25/25
 32319 | Swamp:4  | Noticed Nikola
 32371 | Swamp:4  | Killed Nikola
 32371 | Swamp:4  | Reached skill level 14 in Fighting
 32816 | Swamp:4  | Noticed a bone dragon
 32827 | Swamp:4  | Killed a bone dragon
 32933 | Swamp:4  | Got a decaying rune of Zot
 33171 | Spider:1 | Entered Level 1 of the Spider Nest
 35211 | Spider:2 | Reached XP level 19. HP: 152/152 MP: 26/26
 35294 | Spider:2 | Received a gift from Okawaru
 35298 | Spider:2 | Got a steaming chain mail {god gift}
 35299 | Spider:2 | Identified the +1 chain mail "Fidwig" {*Corrode rPois rC+ Int+4} (Okawaru gifted it to you on level 2 of the Spider Nest)
 35990 | Spider:3 | Noticed Agnes
 36018 | Spider:2 | Killed Agnes
 36211 | Spider:3 | Reached skill level 15 in Armour
 37228 | Spider:4 | Entered Level 4 of the Spider Nest
 37966 | Spider:4 | Noticed Jorgrun
 37982 | Spider:4 | Received a gift from Okawaru
 37998 | Spider:4 | Killed Jorgrun
 38122 | Spider:4 | Reached skill level 15 in Fighting
 38129 | Spider:4 | Received a gift from Okawaru
 38575 | Spider:4 | Reached XP level 20. HP: 111/162 MP: 0/27
 38732 | Spider:4 | Got a gossamer rune of Zot
 38972 | Vaults:1 | Entered Level 1 of the Vaults
 39018 | Vaults:1 | Received a gift from Okawaru
 39046 | Vaults:1 | Got a pair of encrusted boots {god gift}
 39047 | Vaults:1 | Identified the +1 pair of boots of the Onion {+Blink rF++ Str+7} (Okawaru gifted it to you on level 1 of the Vaults)
 40643 | Vaults:2 | Received a gift from Okawaru
 41377 | Vaults:2 | Reached XP level 21. HP: 148/170 MP: 28/28
 41495 | Vaults:2 | Reached skill level 16 in Fighting
 41529 | Vaults:2 | Received a gift from Okawaru
 42343 | Vaults:3 | Found a staircase to the Crypt.
 42594 | Vaults:3 | Reached skill level 17 in Fighting
 42834 | Vaults:3 | Received a gift from Okawaru
 43394 | Vaults:3 | Reached XP level 22. HP: 183/183 MP: 29/29
 43530 | Vaults:4 | Received a gift from Okawaru
 43690 | Vaults:4 | Reached skill level 18 in Fighting
 44097 | Vaults:4 | Received a gift from Okawaru
 44749 | Vaults:5 | Entered Level 5 of the Vaults
 44776 | Vaults:5 | Reached skill level 15 in Dodging
 44800 | Vaults:5 | Noticed a golden dragon
 44805 | Vaults:5 | Reached skill level 19 in Fighting
 44945 | Vaults:5 | Killed a golden dragon
 44951 | Vaults:5 | Received a gift from Okawaru
 44956 | Vaults:5 | Noticed a golden dragon
 44972 | Vaults:5 | Reached XP level 23. HP: 150/194 MP: 26/30
 44980 | Vaults:5 | Killed a golden dragon
 45146 | Vaults:5 | Noticed a golden dragon
 45159 | Vaults:5 | Killed a golden dragon
 45389 | Vaults:5 | Reached skill level 20 in Fighting
 45633 | Vaults:5 | Received a gift from Okawaru
 46015 | Vaults:5 | Got a faintly glowing copper amulet
 46020 | Vaults:5 | Got a pair of transparent gloves {god gift}
 46028 | Vaults:5 | Identified the +0 pair of gloves "Ylootets" {rPois Int+4} (Okawaru gifted it to you on level 5 of the Vaults)
 46039 | Vaults:5 | Identified the amulet "Baonnohi" {Gourm MR+} (You took it off a tengu reaver on level 5 of the Vaults)
 46115 | Vaults:5 | Got a crude crystal amulet
 46116 | Vaults:5 | Identified the amulet "Heqet" {Gourm rC+ Str-3 Dex+3} (You found it on level 5 of the Vaults)
 46681 | Vaults:5 | Received a gift from Okawaru
 46784 | Vaults:5 | Got a scorched platinum ring
 46785 | Vaults:5 | Identified the ring "Upsiystre" {rC+ SInv Stlth+} (You found it on level 5 of the Vaults)
 46846 | Vaults:5 | Got a silver rune of Zot
 47659 | Depths:1 | Entered Level 1 of the Depths
 47659 | Depths:1 | Found Jelatrofi's Magic Scroll Shoppe.
 47922 | Depths:1 | Found a one-way gate leading to the halls of Pandemonium.
 47940 | Depths:1 | Reached XP level 24. HP: 195/206 MP: 30/30
 48187 | Depths:1 | Reached skill level 21 in Fighting
 48203 | Depths:1 | Found Sauw Ulo's Antique Weapon Emporium.
 48203 | Depths:1 | Found Jaihosacs's Weapon Shoppe.
 48273 | Depths:1 | Noticed an ancient lich
 48285 | Depths:1 | Killed an ancient lich
 49022 | Depths:1 | Found a gateway to Hell.
 49164 | Depths:1 | Found Jaxkei's Serpentskin Sales.
 49914 | Depths:2 | Received a gift from Okawaru
 50322 | Depths:2 | Found a one-way gate to the infinite horrors of the Abyss.
 50733 | Depths:3 | Noticed a caustic shrike
 50996 | Depths:3 | Killed a caustic shrike
 51010 | Depths:3 | Reached XP level 25. HP: 209/215 MP: 25/30
 51069 | Depths:3 | Noticed a caustic shrike
 51104 | Depths:2 | Killed a caustic shrike
 51398 | Depths:2 | Received a gift from Okawaru
 52009 | Depths:3 | Noticed a caustic shrike
 52018 | Depths:3 | Killed a caustic shrike
 52076 | Depths:3 | Received a gift from Okawaru
 52678 | Depths:4 | Found a magical portal.
 52719 | WizLab   | Entered Cigotuvi's Fleshworks
 52841 | Depths:5 | Entered Level 5 of the Depths
 52895 | Depths:5 | Found a gateway to a ziggurat.
 53056 | Depths:5 | Found a gate to the Realm of Zot.
 53063 | Depths:5 | Reached skill level 22 in Fighting
 53158 | Depths:5 | Received a gift from Okawaru
 53332 | Depths:5 | Reached XP level 26. HP: 156/224 MP: 30/30
 53477 | Zot:1    | Entered Level 1 of the Realm of Zot
 53839 | Zot:1    | Received a gift from Okawaru
 54214 | Zot:1    | Received a gift from Okawaru
 55093 | Zot:3    | Received a gift from Okawaru
 55118 | Zot:3    | Received a gift from Okawaru
 55251 | Zot:3    | Identified the +1 broad axe "Nynoimn" {elec, rElec Int+5} (Okawaru gifted it to you on level 3 of the Realm of Zot)
 55291 | Zot:5    | Entered Level 5 of the Realm of Zot
 55556 | Zot:5    | Noticed an ancient lich
 55574 | Zot:5    | Killed an ancient lich
 55574 | Zot:5    | Reached XP level 27. HP: 127/233 MP: 24/30
 55711 | Zot:5    | Received a gift from Okawaru
 55793 | Zot:5    | Reached skill level 15 in Shields
 55798 | Zot:5    | Noticed an orb of fire
 55804 | Zot:5    | Noticed an ancient lich
 55822 | Zot:5    | Killed an orb of fire
 55825 | Zot:5    | Killed an ancient lich
 55884 | Zot:5    | Noticed an ancient lich
 55902 | Zot:5    | Killed an ancient lich
 55906 | Zot:5    | Noticed an ancient lich
 55922 | Zot:5    | Killed an ancient lich
 56012 | Zot:5    | Noticed an ancient lich
 56012 | Zot:5    | Noticed an orb of fire
 56021 | Zot:5    | Gained mutation: Your spells are a little easier to cast, but a little less powerful. [an orb of fire]
 56026 | Zot:5    | Killed an ancient lich
 56036 | Zot:5    | Killed an orb of fire
 56036 | Zot:5    | Received a gift from Okawaru
 56036 | Zot:5    | Reached skill level 23 in Fighting
 56037 | Zot:5    | Noticed an ancient lich
 56048 | Zot:5    | Killed an ancient lich
 56095 | Zot:5    | Received a gift from Okawaru
 56118 | Zot:5    | Identified the +0 pair of gloves "Xeepuwikis" {rElec} (Okawaru gifted it to you on level 5 of the Realm of Zot)
 56345 | Zot:5    | Got the Orb of Zot
 56368 | Zot:5    | Noticed a seraph
 56416 | Zot:5    | Noticed an orb of fire
 56416 | Zot:5    | Gained mutation: You occasionally shout uncontrollably at your foes. [an orb of fire]
 56418 | Zot:5    | Gained mutation: Scrolls take you a little longer to read. [an orb of fire]
 56427 | Zot:5    | Gained mutation: Your magical capacity is low. (-10% MP) [an orb of fire]
 56427 | Zot:5    | Gained mutation: You do not regenerate when monsters are visible. [an orb of fire]
 56490 | Zot:3    | Killed from afar by a green draconian annihilator

Skill      XL: |  1  2  3  4  5  6  7  8  9 10 11 12 13 14 15 16 17 18 19 20 21 22 23 24 25 26 27 |
---------------+----------------------------------------------------------------------------------+-----
Axes           | 3 4 5 6 8 9 10 11 12 13 14 15 16 17 18 19 20 21 22 | 22.9
Dodging        | 1 3 4 5 6 7 8 9 10 11 12 13 14 15 16 17 18 | 18.5
Shields        | 4 6 8 9 10 11 13 14 16 | 16.1
Armour         | 4 5 6 7 8 9 11 12 13 14 15 16 17 18 19 20 21 | 21.4
Fighting       | 4 5 6 7 8 9 10 11 12 13 14 15 17 19 20 21 22 23 | 23.2
Invocations    | 3 5 6 8 10 | 10.0

Action                   |  1- 3 |  4- 6 |  7- 9 | 10-12 | 13-15 | 16-18 | 19-21 | 22-24 | 25-27 || total
-------------------------+-------+-------+-------+-------+-------+-------+-------+-------+-------++-------
Melee: War axe           |    86 |    74 |   463 |   689 |   805 |   448 |     7 |       |    17 ||  2589
       Battleaxe         |       |       |       |       |   144 |   959 |  1260 |   856 |   487 ||  3706
       Demon whip        |       |       |       |       |    61 |       |       |       |       ||    61
       Executioner's axe |       |       |       |       |     9 |   107 |   149 |   305 |   601 ||  1171
Invok: Heroism           |       |       |       |    15 |    15 |     9 |     7 |    10 |    13 ||    69
       Finesse           |       |       |       |     1 |     8 |     2 |     4 |     7 |    12 ||    34
  Use: Potion            |     4 |     4 |     5 |     5 |     5 |     4 |     1 |       |    22 ||    50
       Scroll            |       |       |    14 |     5 |     6 |     8 |     8 |    19 |     9 ||    69
 Stab: Petrified         |       |       |       |       |     6 |       |       |       |       ||     6
       Petrifying        |       |       |       |       |     1 |       |       |       |       ||     1
       Invisible         |       |       |       |       |       |     1 |       |       |       ||     1
       Distracted        |       |       |       |       |       |       |       |       |     1 ||     1
  Eat: Chunk             |       |     4 |    15 |    24 |    32 |    31 |    26 |    45 |    17 ||   194
       Fruit             |       |       |       |       |     3 |     2 |       |     1 |       ||     6
Armor: Scale mail        |    32 |     6 |   130 |       |       |       |       |       |       ||   168
       Ring mail         |       |    12 |       |       |       |       |       |       |       ||    12
       Plate armour      |       |       |    50 |   309 |   349 |   574 |   229 |       |       ||  1511
       Crystal plate arm |       |       |       |       |       |       |   346 |   461 |   525 ||  1332
Dodge: Dodged            |    24 |    16 |   126 |   219 |   333 |   532 |   484 |   419 |   437 ||  2590
Block: Shield            |    45 |    31 |   213 |   455 |   614 |   939 |   938 |   692 |   718 ||  4645
